 Dungeon Crawl Stone Soup version 0.31-a0-851-g7ff8af7976 (webtiles) character file.

Game seed: 2217034245530952843

415 javelincjr the Sneak (level 6, 0/36 HPs)
             Began as an Octopode Hedge Wizard on Oct 5, 2023.
             Was an Initiate of Sif Muna.
             Shot with an arrow by a centaur (6 damage)
             ... on level 5 of the Dungeon.
             The game lasted 00:24:55 (4904 turns).

javelincjr the Sneak (Octopode Hedge Wizard)        Turns: 4904, Time: 00:24:56

Health: 0/36       AC:  1    Str: 10    XL:     6   Next: 92%
Magic:  11/12      EV: 13    Int: 18    God:    Sif Muna [......]
Gold:   165        SH:  0    Dex: 11    Spells: 8/13 levels left

rFire   + . .        r - +2 hand axe (flame)
rCold   . . .        (no shield)
rNeg    . . .        b - +0 hat
rPois   .            (no amulet)
rElec   .            v - ring of protection from fire
rCorr   .            (no ring)
SInv    .            (no ring)
Will    .....        (no ring)
Stlth   ++++         (no ring)
HPRegen 0.26/turn    (no ring)
MPRegen 0.13/turn    (no ring)
                     (no ring)

%: no passive effects
@: no status effects
A: almost no armour, amphibious, 8 rings, camouflage 1, gelatinous body 1,
(nimble swimmer 1), tentacles
a: Renounce Religion


You were on level 5 of the Dungeon.
You worshipped Sif Muna.
Sif Muna was noncommittal.
You visited 2 branches of the dungeon, and saw 6 of its levels.
You also visited: Ossuary.

You collected 165 gold pieces.

Inventory:

Hand Weapons
 a - a +0 dagger
 q - a +2 falchion of venom
 r - a +2 hand axe of flaming (weapon)
Missiles
 e - 6 boomerangs (quivered)
Armour
 b - a +0 hat (worn)
Jewellery
 v - a ring of protection from fire (left tentacle)
Wands
 m - a wand of paralysis (5)
 w - a wand of polymorph (6)
Scrolls
 d - 4 scrolls of teleportation
 f - 4 scrolls of torment
 j - a scroll of fear {unknown}
 k - a scroll of revelation
 l - 2 scrolls of blinking {unknown}
 n - 2 scrolls of immolation
 u - 2 scrolls of noise
 x - 2 scrolls of fog {unknown}
 y - a scroll of brand weapon {unknown}
Potions
 c - a potion of magic
 g - 3 potions of brilliance {unknown}
 h - 5 potions of heal wounds
 i - a potion of mutation {unknown}
 o - a potion of attraction {unknown}
 p - 2 potions of curing
 s - a potion of lignification {unknown}
 t - a potion of degeneration {unknown}
 z - a potion of might {unknown}
 A - a potion of haste {unknown}
 B - a potion of invisibility {unknown}


   Skills:
 + Level 3.3 Dodging
 + Level 4.7 Stealth
 * Level 4.0 Spellcasting
 * Level 2.8 Conjurations
 * Level 3.0 Summonings
 + Level 2.3 Translocations


You had 8 spell levels left.
You knew the following spells:

 Your Spells              Type           Power      Damage    Failure   Level
a - Magic Dart            Conj           56%        1d5       4%          1
b - Call Imp              Summ           28%        N/A       6%          2
c - Blink                 Tloc           24%        N/A       9%          2

Your spell library contained the following spells:

 Spells                   Type           Power      Damage    Failure   Level
 Slow                     Hex            12%        N/A       14%         1
 Cigotuvi's Dreadful Rot  Necr/Pois/Air  6%         N/A       22%         2
 Dazzling Flash           Conj/Hex       16%        N/A       24%         3
 Mephitic Cloud           Conj/Pois/Air  7%         N/A       30%         3
 Agony                    Necr           3%         N/A       99%         5
 Silence                  Hex/Air        1%         N/A       99%         5


Dungeon Overview and Level Annotations

Branches:
Dungeon (5/15)             Temple (1/1) D:5         Ossuary (visited)

Altars:
Ashenzari
Cheibriados
Dithmenos
Gozag
Hepliaklqana
Kikubaaqudgha
Makhleb
Nemelex Xobeh
Qazlal
Ru
Sif Muna
Trog
Uskayaw
Vehumet
Wu Jian
Xom
Yredelemnul
Zin
The Shining One

Shops:
D:5 ?


Innate Abilities, Weirdness & Mutations

You cannot wear most types of armour.
You are amphibious.
You can wear up to eight rings at the same time.
Your skin changes colour to match your surroundings (Stealth+).
Your rubbery body absorbs attacks. (AC +1, EV +1)
((You are camouflaged when in or above water. (Stealth+)))
You have tentacles for arms and can constrict up to eight enemies at once.


Message History

There is an open door here.
A worm comes into view.
The worm moves out of view.
Casting: Call Imp (safe; 6% risk of failure)
Confirm with . or Enter, or press ? or * to list all spells.
A tiny devil pulls itself out of the air.
The worm bites you.
You barely miss the worm. Your grab misses the worm. You squeeze the worm!
The worm is heavily wounded.
Your cerulean imp hits the worm from afar with a -3 spear.
Your cerulean imp hits the worm but does no damage.
The worm bites you!
You hit the worm. You burn the worm. You grab the worm.
The worm is almost dead.
You constrict the worm.
Your cerulean imp hits the worm but does no damage.
You hit the worm. You burn the worm.
You kill the worm!
Sif Muna accepts your kill.
Magic restored.
Your cerulean imp shouts, "Stay back!
It could be a ploy!"
Your cerulean imp disappears in a puff of smoke!
HP restored.
The centaur shouts!
The centaur wields a +0 shortbow.
The centaur shoots an arrow.
The arrow hits you!
Casting: Call Imp (safe; 6% risk of failure)
Confirm with . or Enter, or press ? or * to list all spells.
A tiny devil pulls itself out of the air.
The centaur shoots an arrow.
The arrow hits you!
The centaur shoots an arrow.
The arrow barely misses you.
The centaur shoots an arrow.
The arrow hits you.
You hear a shout!
Your cerulean imp barely misses the centaur.
The centaur shoots an arrow.
The arrow closely misses you.
Your cerulean imp hits the centaur but does no damage.
The centaur shoots an arrow.
The arrow hits you!
* * * LOW HITPOINT WARNING * * *
The centaur shoots an arrow.
The arrow hits you.
You die...

.........##.............
.###.###c..........####.
#.###..#........# #.
#...5...†.......####.
....#.#............##...
. # #.#####..........#
#.# #.........## #.#
#.........## ###@###
#........... ###'###
#.........##
..####⌠.⌠####........##
.....#.>.'....###.######
..####⌠.⌠###### #.....∩.
###+### ######## ###.###
#. #.


You could see a centaur (ally target) and a friendly cerulean imp (summoned).

Vanquished Creatures
  A sleepcap (D:3)
  3 iguanas
  A mummy (Ossuary)
  4 adders
  An ufetubus (D:4)
  A worm (D:5)
  3 dart slugs
  3 orcs (D:3)
  2 spectral bats (Ossuary)
  A ball python (D:3)
  2 endoplasms
  3 giant cockroaches
  8 gnoll zombies (Ossuary)
  6 goblins
  9 hobgoblins
  3 kobolds (D:4)
  3 quokkas
  A bat (D:1)
  4 bat simulacra (Ossuary)
  4 frilled lizards
  3 goblin simulacra (Ossuary)
  6 goblin zombies (Ossuary)
  3 hobgoblin zombies (Ossuary)
  A kobold simulacrum (Ossuary)
  3 kobold zombies (Ossuary)
  4 orc zombies (Ossuary)
  6 rats
  4 rat simulacra (Ossuary)
  2 spectral goblins (Ossuary)
  5 spectral kobolds (Ossuary)
  4 spectral rats (Ossuary)
104 creatures vanquished.

Vanquished Creatures (collateral kills)
  An ogre (D:5)
  A hound (D:4)
  An adder (D:3)
  A worm (D:2)
  2 dart slugs
  3 orcs (D:3)
  A giant cockroach (D:3)
  A hobgoblin (D:4)
  4 gnoll zombies (Ossuary)
  A goblin zombie (Ossuary)
  A hobgoblin zombie (Ossuary)
  2 kobolds
  A rat (D:3)
  A rat simulacrum (Ossuary)
21 creatures vanquished.

Grand Total: 125 creatures vanquished

Notes
Turn   | Place    | Note
-------+----------+-------------------------------------------
     0 | D:1      | javelincjr the Octopode Hedge Wizard began the quest for
                  | the Orb.
     0 | D:1      | Reached XP level 1. HP: 11/11 MP: 4/4
   317 | D:1      | Reached XP level 2. HP: 16/17 MP: 6/6
   323 | D:1      | Found a faded altar of an unknown god.
   323 | D:1      | Noticed a golden eye
   329 | D:1      | Noticed a golden eye
   332 | D:1      | Noticed an eye of devastation
   332 | D:1      | Noticed an eye of devastation
   608 | D:1      | You fall into a shaft and drop 1 floor!
  1039 | D:2      | Reached XP level 3. HP: 7/21 MP: 1/7
  1127 | D:2      | Learned a level 2 spell: Call Imp
  1130 | D:2      | Learned a level 2 spell: Blink
  1874 | D:3      | Reached XP level 4. HP: 27/27 MP: 6/8
  2485 | D:3      | Reached XP level 5. HP: 20/31 MP: 3/10
  4128 | D:5      | Entered Level 5 of the Dungeon
  4131 | D:5      | Noticed a centaur
  4142 | D:5      | Reached XP level 6. HP: 36/36 MP: 9/11
  4238 | D:5      | Found a sand-covered staircase.
  4260 | Ossuary  | Entered an ossuary
  4759 | D:5      | Found Hac Daim's Magic Scroll Emporium.
  4777 | D:5      | Found a staircase to the Ecumenical Temple.
  4782 | Temple   | Entered the Ecumenical Temple
  4816 | Temple   | Became a worshipper of Sif Muna the Loreminder
  4904 | D:5      | Shot with an arrow by a centaur

Illustrated notes

Levels and vault maps discovered:
D:1:      dpeg_arrival_ternary, layout_basic,
          hellmonk_ecumenical_altar_watching_god
D:2:      layout_basic
D:3:      layout_loops_ring
D:4:      layout_basic
D:5:      layout_basic, gammafunk_temple_overflow_wave, temple_doors_e,
          serial_shops, shop, enter_ossuary_1
Temple:   compressed_dpeg_triangle_lava_temple

Skill      XL: |  1  2  3  4  5  6 |
---------------+-------------------+-----
Stealth        | 3 4 |  4.7
Summonings     | 2 3 |  3.0
Conjurations   | 2 |  2.8
Dodging        | 3 |  3.3
Translocations | 2 |  2.3
Spellcasting   | 4 |  4.0

Action                     |  1- 3 |  4- 6 || total
---------------------------+-------+-------++-------
  Melee: Dagger            |    31 |    17 ||    48
         Constrict         |     9 |    32 ||    41
         Tentacles         |     6 |    28 ||    34
         Hand axe          |       |   102 ||   102
         Punch             |       |     1 ||     1
  Throw: Boomerang         |    17 |    10 ||    27
   Cast: Magic Dart        |    60 |    61 ||   121
         Call Imp          |     6 |    40 ||    46
    Use: Scroll            |       |     7 ||     7
   Stab: Distracted        |       |     3 ||     3
         Sleeping          |       |     6 ||     6
 Armour: Skin              |    17 |    53 ||    70
  Dodge: Dodged            |    28 |    75 ||   103

Table legend: (Time is in decaauts)
 A = Elapsed time spent in this place.
 B = Non-inter-level travel time spent in this place.
 C = Inter-level travel time spent in this place.
 D = Time resting spent in this place.
 E = Time spent auto-exploring this place.
 F = Levels seen in this place.
 G = Mean time per level.
                   A        B        C        D        E       F      G
               +--------+--------+--------+--------+--------+-----+--------+
         Total |   4940 |   4887 |     53 |    225 |   3512 |   7 |  705.7 |
       Dungeon |   4405 |   4352 |     53 |    166 |   3417 |   5 |  881.0 |
        Temple |     52 |     52 |      0 |      0 |      0 |   1 |   52.0 |
       Ossuary |    482 |    482 |      0 |     59 |     95 |   1 |  482.0 |
               +--------+--------+--------+--------+--------+-----+--------+

Top non-repeatable levels by time:
     D:3: 1369 daAuts
     D:2: 1119 daAuts
     D:4: 1042 daAuts
     D:1: 609 daAuts
 Ossuary: 482 daAuts
     D:5: 264 daAuts
  Temple: 52 daAuts
